 Dungeon Crawl Stone Soup version 0.21.1-1-g345015f (webtiles) character file.

17921 Oravi the Martial Artist (level 12, -3/83 HPs)
             Began as a Merfolk Transmuter on Apr 8, 2018.
             Was an Elder of Qazlal.
             Slain by Snorg (28 damage)
             ... on level 13 of the Dungeon.
             The game lasted 01:27:03 (17798 turns).

Oravi the Martial Artist (Merfolk Transmuter)      Turns: 17798, Time: 01:27:03

Health: -3/83      AC:  2    Str: 12    XL:     12   Next: 53%
Magic:  13/15      EV: 31    Int: 17    God:    Qazlal [****..]
Gold:   1072       SH:  5    Dex: 20    Spells: 1/15 levels left

rFire    . . .     SeeInvis .     - Unarmed
rCold    . . .     Gourm    .   (shield currently unavailable)
rNeg     . . .     Faith    .   (armour currently unavailable)
rPois    x         Spirit   .   (helmet currently unavailable)
rElec    .         Reflect  .   (cloak currently unavailable)
rCorr    .         Harm     .   (gloves currently unavailable)
MR       .....                  (boots currently unavailable)
Stlth    +.........             (no amulet)
HPRegen  0.23/turn              E - ring of wizardry
MPRegen  0.14/turn              N - +2 ring of strength

@: spider-form, repel missiles
A: tiny, (change form in water), (swift swim), (stealthy swim)
a: End Transformation, Upheaval, Elemental Force, Renounce Religion


You were on level 13 of the Dungeon.
You worshipped Qazlal.
Qazlal was greatly pleased with you.
You were near starving.
You were a venomous arachnid creature.
You visited 2 branches of the dungeon, and saw 14 of its levels.

You collected 1072 gold pieces.

Inventory:

Missiles
 a - 177 arrows
Armour
 b - a +0 robe
 e - a +2 hat (melded)
 l - a +3 leather armour of fire resistance
 p - a +0 pair of gloves (melded)
 x - a cursed +0 leather armour
 y - +0 acid dragon scales
 O - +0 steam dragon scales (melded)
 S - a +2 pair of boots of flying (melded)
Magical Staves
 v - an uncursed staff of death
 G - an uncursed staff of summoning
 I - an uncursed staff of air
 M - an uncursed staff of conjuration
Jewellery
 j - an uncursed amulet of faith
 C - an uncursed ring of fire
 E - a ring of wizardry (left front leg)
 N - a +2 ring of strength (right front leg)
Wands
 k - a wand of random effects (19)
 o - a wand of disintegration (16)
 r - a wand of paralysis (16)
 t - a wand of polymorph (19)
 A - a wand of iceblast (14)
 F - a wand of enslavement (11)
 L - a wand of digging (9)
Scrolls
 f - 3 scrolls of enchant armour
 i - 3 scrolls of identify
 n - 3 scrolls of magic mapping
 q - 7 scrolls of remove curse
 s - 3 scrolls of enchant weapon
 u - 9 scrolls of teleportation
 J - a scroll of fear
Potions
 h - a potion of brilliance
 m - a potion of cancellation
 w - a potion of flight
 D - a potion of agility
 H - a potion of resistance
 K - a potion of curing
 P - a potion of mutation
 Q - a potion of heal wounds
 R - 2 potions of might
Books
 c - a book of Changes

   Spells                             Type                      Level
   a - Beastly Appendage              Transmutation                1
   b - Sticks to Snakes               Transmutation                2
   c - Spider Form                    Transmutation/Poison         3
   d - Ice Form                       Ice/Transmutation            4
   e - Blade Hands                    Transmutation                5
 z - the Disquisition on Harmful Transformation
   (You found it on level 9 of the Dungeon)

   Spells                             Type                      Level
   a - Throw Flame                    Conjuration/Fire             2
   b - Passwall                       Transmutation/Earth          2
   c - Mephitic Cloud                 Conjuration/Poison/Air       3
   d - Ignite Poison                  Fire/Transmutation/Poison    3
   e - Bolt of Draining               Conjuration/Necromancy       5
   f - Bolt of Magma                  Conjuration/Fire/Earth       5
 B - the Volume of Battle Magic
   (You found it on level 9 of the Dungeon)

   Spells                             Type                      Level
   a - Sting                          Conjuration/Poison           1
   b - Lightning Bolt                 Conjuration/Air              5
   c - Bolt of Magma                  Conjuration/Fire/Earth       5
   d - Bolt of Cold                   Conjuration/Ice              6
Comestibles
 d - 19 rations


   Skills:
 + Level 3.9 Fighting
 * Level 11.0 Dodging
 + Level 13.6 Unarmed Combat
 - Level 2.0 Spellcasting
 * Level 12.4 Transmutations
 * Level 3.9 Ice Magic
 * Level 9.1 Poison Magic


You had one spell level left.
You knew the following spells:

 Your Spells              Type           Power        Failure   Level  Hunger
a - Ice Form              Ice/Tmut       ####....     8%          4    #####..
b - Sticks to Snakes      Tmut           #####...     1%          2    ###....
c - Spider Form           Tmut/Pois      #####.....   1%          3    ###....
d - Blade Hands           Tmut           #####.....   4%          5    ######.


Dungeon Overview and Level Annotations

Branches:
Dungeon (13/15)            Temple (1/1) D:4            Lair (0/6) D:8
    Orc (0/2) D:11
 Vaults: D:13-14

Altars:
Ashenzari
Cheibriados
Dithmenos
Elyvilon
Fedhas
Gozag
Hepliaklqana
Kikubaaqudgha
Makhleb
Nemelex Xobeh
Okawaru
Qazlal
Ru
Sif Muna
Trog
Uskayaw
Vehumet
Wu Jian
Xom
Yredelemnul
Zin
The Shining One

Shops:
D:4 %   D:5 *   D:6 ([(   D:7 ?   D:8 !   D:9 [   D:12 }*

Annotations:
D:10 Melicamp's ghost, journeyman BaWn
D:13 Snorg


Message History

Snorg is heavily wounded.
Snorg goes berserk!
You barely miss Snorg.
Snorg is severely wounded.
Snorg barely misses you. Snorg completely misses you. Snorg misses you.
You hit Snorg.
Snorg looks as sick as possible!
Snorg is severely wounded.
Snorg closely misses you. Snorg barely misses you. Snorg claws you.
You barely miss Snorg.
Snorg is severely wounded.
You block Snorg's attack. Snorg completely misses you. Snorg misses you.
You hit Snorg.
Snorg is severely wounded.
Snorg bites you!! Snorg closely misses you. Snorg claws you! Snorg bites you!!
* * * LOW HITPOINT WARNING * * *
Snorg completely misses you. You block Snorg's attack.
You hit Snorg.
Snorg looks as sick as possible!
Snorg is severely wounded.
Snorg bites you!!
You die...

#########
#.......#
#s# +.§T#
#.#.#
#.#.. #
###


You could see Snorg (berserk).

Vanquished Creatures
  4 two-headed ogres
  An orc knight (D:9)
  2 ugly things
  The ghost of Oravi the Insei, a novice MfTm (D:6)
  A cyclops (D:12)
  2 manticores
  An ice statue (D:12)
  A centaur skeleton (D:13)
  5 trolls
  5 hippogriffs
  A wraith (D:12)
  8 yaks
  A wyvern (D:10)
  A hungry ghost (D:10)
  Menkaure (D:7)
  A steam dragon (D:12)
  A soldier ant (D:9)
  An acid dragon (D:9)
  A water moccasin (D:9)
  Duvessa (D:5)
  A warg (D:11)
  6 orc warriors
  A hornet zombie (D:10)
  4 sky beasts
  2 phantoms
  6 ogres
  6 ice beasts
  3 black bears
  5 centaurs
  5 big kobolds
  A crocodile (D:11)
  9 bullfrogs
  A wyvern zombie (D:13)
  Dowan (D:5)
  A wyvern skeleton (D:10)
  3 scorpions
  6 killer bees
  4 wights (D:9)
  9 howler monkeys
  5 crimson imps
  A bullfrog zombie (D:7)
  A centaur zombie (D:12)
  4 hounds
  2 quasits
  4 bullfrog skeletons
  7 orc priests
  8 jellies
  18 orc wizards
  3 iguanas
  Ijyb (D:3)
  8 worker ants
  3 hound zombies
  A hound skeleton (D:9)
  A howler monkey zombie (D:5)
  2 worker ant zombies (D:5)
  3 gnolls (D:5)
  11 adders
  2 shadow imps
  6 oozes
  4 worms
  2 dart slugs (D:1)
  5 leopard geckos
  35 orcs
  4 bats
  3 giant cockroaches
  8 goblins
  10 hobgoblins
  16 jackals
  30 kobolds
  4 quokkas
  4 ball pythons
  8 frilled lizards
  A leopard gecko zombie (D:5)
  3 quokka skeletons
  3 rats (D:2)
  A fungus (D:1)
346 creatures vanquished.

Vanquished Creatures (collateral kills)
  The ghost of Totori the Charmwright, a novice GnSk of Kikubaaqudgha (D:5)
  A phantom (D:4)
  An orc (D:5)
3 creatures vanquished.

Vanquished Creatures (others)
  An unseen horror (D:12)
  A jelly (D:12)
2 creatures vanquished.

Grand Total: 351 creatures vanquished

Notes
Turn   | Place    | Note
-------+----------+-------------------------------------------
     0 | D:1      | Oravi the Merfolk Transmuter began the quest for the Orb.
     0 | D:1      | Reached XP level 1. HP: 15/15 MP: 3/3
   297 | D:1      | Reached XP level 2. HP: 12/21 MP: 3/5
  1216 | D:1      | Reached skill level 4 in Unarmed Combat
  1216 | D:1      | Reached XP level 3. HP: 15/26 MP: 6/6
  1221 | D:1      | Learned a level 2 spell: Sticks to Snakes
  1247 | D:1      | Learned a level 3 spell: Spider Form
  1959 | D:2      | Reached skill level 1 in Poison Magic
  1959 | D:2      | Reached XP level 4. HP: 32/32 MP: 0/7
  2329 | D:2      | Reached XP level 5. HP: 34/37 MP: 5/8
  2437 | D:2      | Reached skill level 5 in Unarmed Combat
  2956 | D:3      | Noticed Ijyb
  2962 | D:3      | Killed Ijyb
  2962 | D:3      | Reached XP level 6. HP: 23/43 MP: 5/9
  3508 | D:3      | Reached skill level 5 in Transmutations
  4356 | D:4      | Found a staircase to the Ecumenical Temple.
  4367 | D:4      | Reached skill level 6 in Unarmed Combat
  4367 | D:4      | Reached XP level 7. HP: 42/48 MP: 6/10
  4371 | Temple   | Entered the Ecumenical Temple
  5136 | D:4      | Found a hazy altar of Hepliaklqana.
  5139 | D:4      | Found a deep blue altar of Sif Muna.
  5140 | D:4      | Found a basalt altar of Yredelemnul.
  5409 | D:4      | Found Iriyler's Food Emporium.
  5483 | D:4      | Reached XP level 8. HP: 54/54 MP: 8/11
  5624 | D:4      | Reached skill level 7 in Unarmed Combat
  5728 | D:5      | Entered Level 5 of the Dungeon
  6000 | D:5      | Reached skill level 5 in Dodging
  6235 | D:5      | Found a shimmering altar of Xom.
  6305 | D:5      | Noticed Totori's ghost (novice GnSk)
  6335 | D:5      | Killed Totori's ghost
  6335 | D:5      | Reached skill level 8 in Unarmed Combat
  6485 | D:5      | Noticed Duvessa
  6486 | D:5      | Noticed Dowan
  6500 | D:5      | Killed Duvessa
  6500 | D:5      | Reached XP level 9. HP: 32/60 MP: 9/12
  6512 | D:5      | Killed Dowan
  6749 | D:5      | Found Teghul's General Store.
  6912 | D:6      | Reached skill level 5 in Poison Magic
  6926 | D:6      | Noticed Oravi's ghost (novice MfTm)
  7429 | D:6      | Found Mekh's Armour Shoppe.
  7442 | D:6      | Found Tumyquah's Antique Weapon Shop.
  7471 | D:6      | Found Minnyrorph's Weapon Shop.
  7650 | D:6      | Found a stormy altar of Qazlal.
  7684 | D:6      | Became a worshipper of Qazlal Stormbringer
  8028 | D:6      | Found an ornate altar of the Wu Jian Council.
  8031 | D:6      | Reached skill level 9 in Unarmed Combat
  8491 | D:7      | Found Javeok Hauc's Magic Scroll Shop.
  8638 | D:7      | Noticed Menkaure
  8641 | D:7      | Killed Menkaure
  8947 | D:7      | Reached skill level 10 in Transmutations
  9382 | D:8      | Reached * piety under Qazlal
  9517 | D:8      | Found a burning altar of Makhleb.
  9693 | D:8      | Reached XP level 10. HP: 36/68 MP: 7/13
  9854 | D:8      | Reached skill level 10 in Unarmed Combat
 10250 | D:8      | Found Lefis's Distillery.
 10294 | D:8      | Noticed a two-headed ogre
 10315 | D:8      | Killed a two-headed ogre
 10608 | D:8      | Found a staircase to the Lair.
 10896 | D:8      | Learned a level 4 spell: Ice Form
 11341 | D:9      | Found Laikhlin's Antique Armour Shoppe.
 11427 | D:9      | Reached ** piety under Qazlal
 11818 | D:9      | Reached skill level 11 in Unarmed Combat
 12177 | D:9      | Found a shadowy altar of Dithmenos.
 12270 | D:9      | Noticed a two-headed ogre
 12281 | D:9      | Killed a two-headed ogre
 12281 | D:9      | Reached XP level 11. HP: 66/75 MP: 11/14
 12885 | D:9      | Noticed a two-headed ogre
 12894 | D:9      | Killed a two-headed ogre
 12894 | D:9      | Reached skill level 12 in Unarmed Combat
 13001 | D:9      | Noticed a manticore
 13012 | D:9      | Noticed a purple ugly thing
 13015 | D:9      | Killed a manticore
 13023 | D:9      | Killed a purple ugly thing
 13271 | D:9      | Identified the Disquisition on Harmful Transformation
 13271 | D:9      | Identified the Volume of Battle Magic
 13295 | D:9      | Noticed an orc knight
 13321 | D:9      | Killed an orc knight
 13335 | D:9      | Reached *** piety under Qazlal
 13401 | D:10     | Entered Level 10 of the Dungeon
 13509 | D:10     | Noticed a manticore
 13521 | D:10     | Killed a manticore
 13539 | D:10     | Noticed Melicamp's ghost (journeyman BaWn)
 13933 | D:6      | Killed Oravi's ghost
 14112 | D:10     | Reached skill level 10 in Dodging
 14410 | D:9      | Learned a level 5 spell: Blade Hands
 15201 | D:11     | Reached skill level 13 in Unarmed Combat
 15552 | D:11     | Reached **** piety under Qazlal
 15562 | D:11     | Reached skill level 1 in Ice Magic
 15597 | D:11     | Reached XP level 12. HP: 31/83 MP: 15/15
 16307 | D:11     | Found a staircase to the Orcish Mines.
 16844 | D:12     | Found Girust's Gadget Shoppe.
 16976 | D:12     | Found Oliggaek's Elemental Accessories.
 17009 | D:12     | Noticed a two-headed ogre
 17018 | D:12     | Killed a two-headed ogre
 17785 | D:13     | Noticed Snorg
 17798 | D:13     | Slain by Snorg

Skill      XL: |  1  2  3  4  5  6  7  8  9 10 11 12 |
---------------+-------------------------------------+-----
Transmutations | 3 4 5 6 8 10 11 12 | 12.4
Dodging        | 3 4 5 7 8 10 11 | 11.0
Unarmed Combat | 4 5 6 8 9 11 13 | 13.6
Poison Magic   | 1 2 3 4 6 7 8 9 |  9.1
Fighting       | 2 3 |  3.9
Ice Magic      | 1 3 |  3.9
Spellcasting   | |  2.0

Action                   |  1- 3 |  4- 6 |  7- 9 | 10-12 || total
-------------------------+-------+-------+-------+-------++-------
Melee: Unarmed           |   132 |   173 |   368 |   698 ||  1371
       Headbutt          |    11 |     8 |       |       ||    19
       Punch             |     2 |       |       |       ||     2
       Tailslap          |       |       |       |     2 ||     2
 Cast: Beastly Appendage |    17 |    14 |     1 |     1 ||    33
       Spider Form       |     3 |    15 |    45 |    55 ||   118
       Sticks to Snakes  |       |       |    15 |     1 ||    16
       Ice Form          |       |       |       |     3 ||     3
  Use: Scroll            |     2 |     4 |     6 |     7 ||    19
       Potion            |     1 |       |    11 |     2 ||    14
 Stab: Sleeping          |     1 |     1 |     1 |       ||     3
  Eat: Chunk             |     4 |    10 |    14 |    26 ||    54
       Ration            |       |       |     3 |     2 ||     5
Armor: Robe              |    21 |     9 |     3 |     5 ||    38
       Skin              |     5 |    11 |     8 |    16 ||    40
       Steam dragon scal |       |       |       |     1 ||     1
Dodge: Dodged            |    72 |   111 |   329 |   522 ||  1034
       Deflected         |       |       |       |     2 ||     2
Block: Other             |       |       |     1 |    97 ||    98
